 Dungeon Crawl Stone Soup version 0.22.1-1-ga44c0e56f4 (webtiles) character file.

782 Peloso the Slasher (level 7, 0/61 HPs)
             Began as a Minotaur Fighter on Oct 16, 2018.
             Was a Follower of Okawaru.
             Slain by a hornet (10 damage)
             ... on level 7 of the Dungeon.
             The game lasted 00:08:29 (3113 turns).

Peloso the Slasher (Minotaur Fighter)               Turns: 3113, Time: 00:08:30

Health: 0/61       AC: 13    Str: 21    XL:     7   Next: 55%
Magic:  6/6        EV:  5    Int:  5    God:    Okawaru [*.....]
Gold:   261        SH: 10    Dex: 11    Spells: 6/6 levels left

rFire    x . .     SeeInvis .   a - +0 long sword
rCold    + . .     Gourm    .   c - +0 shield
rNeg     . . .     Faith    .   b - +0 plate armour
rPois    .         Spirit   .   (helmet restricted)
rElec    .         Reflect  .   (no cloak)
rCorr    .         Harm     .   m - +0 pair of gloves
MR       .....                  (no boots)
Stlth    ..........             h - amulet of regeneration
HPRegen  0.60/turn              l - ring of ice
MPRegen  0.10/turn              (no ring)

@: slowed, very slow
A: retaliatory headbutt, horns 2
a: Heroism, Renounce Religion


You were on level 7 of the Dungeon.
You worshipped Okawaru.
Okawaru was aware of your devotion.
You were not hungry.

You visited 2 branches of the dungeon, and saw 6 of its levels.

You collected 261 gold pieces.

Inventory:

Hand Weapons
 a - a +0 long sword (weapon)
Armour
 b - a +0 plate armour (worn)
 c - a +0 shield (worn)
 m - a +0 pair of gloves (worn)
Jewellery
 h - an amulet of regeneration (around neck)
 l - a ring of ice (left hand)
Wands
 r - a wand of paralysis (16)
 s - a wand of digging (14)
Scrolls
 g - 2 scrolls of blinking {unknown}
 i - 2 scrolls of remove curse
 j - a scroll of enchant armour {unknown}
 k - a scroll of amnesia {unknown}
 p - 3 scrolls of magic mapping {unknown}
 t - a scroll of identify
Potions
 d - a potion of might
 e - a potion of curing
 n - 2 potions of brilliance
 o - a potion of mutation {unknown}
 q - a potion of berserk rage {unknown}
 v - a potion of flight {unknown}
Comestibles
 f - 7 rations
 u - 7 chunks of flesh


   Skills:
 + Level 5.4 Fighting
 + Level 6.9 Long Blades
 + Level 5.3 Armour
 + Level 1.4 Dodging
 + Level 1.1 Stealth
 + Level 5.8 Shields
 + Level 0.1 Evocations


You had 6 spell levels left.
You didn't know any spells.
Your spell library was empty.

Dungeon Overview and Level Annotations

Branches:
Dungeon (4/15)             Temple (1/1) D:4

Altars:
Ashenzari
Cheibriados
Dithmenos
Elyvilon
Fedhas
Gozag
Nemelex Xobeh
Okawaru
Qazlal
Ru
Sif Muna
Uskayaw
Wu Jian
Zin


Innate Abilities, Weirdness & Mutations

You reflexively headbutt those who attack you in melee.
You have a pair of horns on your head.


Message History

The hornet stings you.
* * * LOW HITPOINT WARNING * * *
You are lethally poisoned!
You feel as though you will be slow longer.
You block the crimson imp's attack.
The hornet stings you but does no damage.
You block the crimson imp's attack.
You feel better. The hornet stings you.
* * * LOW HITPOINT WARNING * * *
You suddenly lose the ability to move!
The hornet stings you but does no damage.
The crimson imp hits you.
* * * LOW HITPOINT WARNING * * *
You can move again.
You closely miss the hornet.
The hornet is almost dead.
The hornet stings you but does no damage. x2
The crimson imp hits you but does no damage.
The hornet stings you!
You die...

.......#...#
.......#...#
.......#...#
#####.....#...########+#
#...#.....#.............
#[..#.....#.............
#...#.....#.............
#...#..y..'.............
#...#..@..#......##'####
#'###..5..#.....[##...[.
#...#....†#..........[..
#...'.....#########.....
#...#.............#.....
#...#.............######
#####.............#
#.............#
######........+


You could see a hornet and a crimson imp.

Vanquished Creatures
  A water moccasin (D:7)
  An orc warrior (D:7)
  An ice beast (D:7)
  An ogre (D:4)
  A bullfrog (D:7)
  2 scorpions
  Ijyb (D:4)
  8 adders
  A shadow imp (D:4)
  An ooze (D:1)
  An adder skeleton (D:2)
  4 worms
  A dart slug (D:1)
  3 leopard geckos
  13 orcs
  7 bats
  A bat zombie (D:2)
  5 giant cockroaches
  10 goblins
  4 hobgoblins
  10 jackals
  7 kobolds
  A quokka (D:3)
  A ball python (D:3)
  A ball python skeleton (D:2)
  5 frilled lizards
  A jackal skeleton (D:3)
  A quokka zombie (D:7)
  12 rats
106 creatures vanquished.

Notes
Turn   | Place    | Note
-------+----------+-------------------------------------------
     0 | D:1      | Peloso the Minotaur Fighter began the quest for the Orb.
     0 | D:1      | Reached XP level 1. HP: 19/19 MP: 0/0
   200 | D:1      | Reached XP level 2. HP: 27/27 MP: 1/1
   702 | D:2      | Reached XP level 3. HP: 33/33 MP: 2/2
   864 | D:2      | Reached skill level 3 in Long Blades
  1175 | D:2      | Reached XP level 4. HP: 40/40 MP: 3/3
  1991 | D:3      | Reached XP level 5. HP: 45/47 MP: 4/4
  2493 | D:4      | Reached skill level 4 in Long Blades
  2493 | D:4      | Reached skill level 5 in Shields
  2532 | D:4      | Noticed an ogre
  2541 | D:4      | Killed an ogre
  2541 | D:4      | Reached skill level 5 in Armour
  2541 | D:4      | Reached XP level 6. HP: 55/55 MP: 5/5
  2595 | D:4      | Found a staircase to the Ecumenical Temple.
  2603 | Temple   | Entered the Ecumenical Temple
  2622 | Temple   | Became a worshipper of Warmaster Okawaru
  2761 | D:4      | Reached skill level 1 in Dodging
  2797 | D:4      | Noticed Ijyb
  2810 | D:4      | Killed Ijyb
  2810 | D:4      | Reached skill level 5 in Long Blades
  2872 | D:4      | You fall through a shaft for 3 floors!
  2896 | D:7      | Noticed an orc warrior
  2897 | D:7      | Noticed a water moccasin
  2902 | D:7      | Killed an orc warrior
  2902 | D:7      | Reached skill level 5 in Fighting
  2907 | D:7      | Killed a water moccasin
  2907 | D:7      | Reached * piety under Okawaru
  2907 | D:7      | Reached skill level 6 in Long Blades
  2907 | D:7      | Reached XP level 7. HP: 50/61 MP: 6/6
  3027 | D:7      | Reached skill level 1 in Stealth
  3066 | D:7      | Got an encrusted ring mail
  3077 | D:7      | Identified the cursed +1 ring mail "Kiecs" {SInv} (You
                  | found it on level 7 of the Dungeon)
  3096 | D:7      | Noticed a hornet
  3104 | D:7      | Paralysed by a hornet for 2 turns
  3108 | D:7      | Paralysed by a hornet for 2 turns
  3112 | D:7      | Paralysed by a hornet for 1 turns
  3113 | D:7      | Slain by a hornet

Skill      XL: |  1  2  3  4  5  6  7 |
---------------+----------------------+-----
Armour         | 4 5 |  5.3
Fighting       | 4 5 |  5.4
Shields        | 4 5 |  5.8
Long Blades    | 3 4 6 |  6.9
Dodging        | 1 |  1.4
Stealth        | 1 |  1.1
Evocations     | |  0.1

Action                   |  1- 3 |  4- 6 |  7- 9 || total
-------------------------+-------+-------+-------++-------
Melee: Long sword        |   108 |   172 |    38 ||   318
       Headbutt          |     8 |    20 |     6 ||    34
Evoke: Wand              |       |     1 |       ||     1
  Use: Scroll            |       |     5 |     1 ||     6
       Potion            |       |     1 |     2 ||     3
 Stab: Paralysed         |       |     3 |       ||     3
  Eat: Chunk             |     1 |     6 |     1 ||     8
Armor: Scale mail        |     4 |       |       ||     4
       Chain mail        |    60 |    90 |     1 ||   151
       Plate armour      |       |       |    44 ||    44
Dodge: Dodged            |    30 |    34 |    15 ||    79
Block: Shield            |    61 |   111 |    23 ||   195
       Rpst.: Long sword |     8 |     9 |     5 ||    22
